 Dungeon Crawl Stone Soup version 0.24-a0-284-g9fb9971 (webtiles) character file.

Game seed: 16448803037634808799

231 Gildeon the Ruffian (level 5, 0/54 HPs)
             Began as a Troll Fighter on May 4, 2019.
             Was a Follower of Makhleb.
             Succumbed to an adder's poison
             ... on level 3 of the Dungeon.
             The game lasted 00:08:39 (1860 turns).

Gildeon the Ruffian (Troll Fighter)                 Turns: 1860, Time: 00:08:40

Health: 0/54       AC:  6    Str: 28    XL:     5   Next: 73%
Magic:  4/4        EV: 14    Int:  9    God:    Makhleb [*.....]
Gold:   92         SH:  9    Dex: 15    Spells: 4/4 levels left

rFire    . . .     SeeInvis .     - Unarmed
rCold    . . .     Gourm    +   b - +0 shield
rNeg     . . .     Faith    .   a - +0 robe
rPois    .         Spirit   .   (helmet restricted)
rElec    .         Reflect  .   (no cloak)
rCorr    .         Harm     .   (gloves unavailable)
MR       .....                  (boots unavailable)
Stlth    ++........             (no amulet)
HPRegen  0.58/turn              k - +4 ring of strength
MPRegen  0.09/turn              (no ring)

@: brilliant, agile, lethally poisoned (0 -> -4)
A: large, unfitting armour, claws 3, fast metabolism 3, gourmand, regeneration
1, shaggy fur 1, tough skin 3
a: Renounce Religion


You were on level 3 of the Dungeon.
You worshipped Makhleb.
Makhleb was aware of your devotion.
You were very full.

You visited 1 branch of the dungeon, and saw 3 of its levels.

You collected 92 gold pieces.

Inventory:

Hand Weapons
 i - a +0 club
Armour
 a - a +0 robe (worn)
 b - a +0 shield (worn)
Jewellery
 k - a +4 ring of strength (left claw)
Scrolls
 f - a scroll of amnesia
 h - a scroll of fear {unknown}
 l - a scroll of teleportation {unknown}
 m - 2 scrolls of identify {unknown}
Potions
 c - 2 potions of might
 e - 2 potions of brilliance
Comestibles
 d - 5 rations
 j - 6 chunks of flesh


   Skills:
 + Level 3.6 Fighting
 + Level 3.6 Dodging
 - Level 2.4 Shields
 + Level 3.8 Unarmed Combat


You had 4 spell levels left.
You didn't know any spells.
Your spell library was empty.

Dungeon Overview and Level Annotations

Branches:
Dungeon (3/15)

Altars:
Makhleb
Vehumet


Innate Abilities, Weirdness & Mutations

You are too large for most types of armour.
You have claws for hands.
Your metabolism is lightning-fast.
You like to eat raw meat.
Your natural rate of healing is unusually fast.
You are covered in fur. (AC +1)
You have extremely tough skin. (AC +3)


Message History

You block the adder's attack. The dart slug closely misses you.
You block the adder's attack.
It was a potion of brilliance.
You feel clever all of a sudden.
* * * LOW HITPOINT WARNING * * *
You feel sick. The adder bites you but does no damage.
The leopard gecko bites you but does no damage.
You block the adder's attack. The adder bites you but does no damage.
The adder bites you.
* * * LOW HITPOINT WARNING * * *
It was a potion of agility.
You feel agile all of a sudden.
* * * LOW HITPOINT WARNING * * *
You feel sick. You block the leopard gecko's attack.
The adder bites you but does no damage. The adder closely misses you.
The dart slug bites you but does no damage.
The adder barely misses you. The leopard gecko closely misses you.
You claw the adder!
The adder is heavily wounded.
You die...

##########
##.........
##..(.......
#...........
#...........
#........... .
#...†.......
...##...†......?
.......l@S......
...##.SSw......
. #.[<###.###
#..(## #
......## #...##
..... .... ##.?


You could see 3 adders, a dart slug and a leopard gecko.

Vanquished Creatures
  A howler monkey (D:2)
  A hound (D:2)
  Natasha (D:2)
  A gnoll (D:1)
  3 adders (D:2)
  A worm (D:2)
  5 dart slugs
  2 leopard geckos
  8 orcs (D:3)
  6 giant cockroaches
  5 goblins
  11 hobgoblins
  2 quokkas (D:2)
  11 bats
  4 frilled lizards
  10 kobolds
  7 rats
79 creatures vanquished.

Notes
Turn   | Place    | Note
-------+----------+-------------------------------------------
     0 | D:1      | Gildeon the Troll Fighter began the quest for the Orb.
     0 | D:1      | Reached XP level 1. HP: 22/22 MP: 0/0
   123 | D:1      | Reached XP level 2. HP: 29/29 MP: 1/1
   396 | D:1      | Reached XP level 3. HP: 36/36 MP: 2/2
  1152 | D:2      | Found a radiant altar of Vehumet.
  1215 | D:2      | Found a burning altar of Makhleb.
  1223 | D:2      | Reached XP level 4. HP: 43/45 MP: 3/3
  1231 | D:2      | Became a worshipper of Makhleb the Destroyer
  1402 | D:2      | Noticed Natasha
  1420 | D:2      | Killed Natasha
  1420 | D:2      | Reached XP level 5. HP: 22/53 MP: 4/4
  1799 | D:2      | Reached * piety under Makhleb
  1858 | D:3      | HP: 2/54 [adder (2)]
  1860 | D:3      | Succumbed to an adder's poison

Levels and vault maps discovered:
D:1:      minmay_arrival_plants_in_alcoves, layout_basic,
          palyth_stone_intersect, skrybe_limestone_x
D:2:      layout_loops_cross, nicolae_overflow_crystal_walls,
          grunt_ministairs_14, makhleb_heckhound_becter, uniq_natasha
D:3:      layout_rooms, bloody_trog, old_standard_altar,
          nicolae_overflow_hidden_temple

Skill      XL: |  1  2  3 |
---------------+----------+-----
Fighting       | 3 |  3.6
Dodging        | 3 |  3.6
Unarmed Combat | 3 |  3.8
Shields        | |  2.4

Action                   |  1- 3 |  4- 6 || total
-------------------------+-------+-------++-------
Melee: Unarmed           |   133 |   117 ||   250
  Use: Scroll            |     2 |       ||     2
       Potion            |       |     2 ||     2
 Stab: Sleeping          |       |     1 ||     1
  Eat: Chunk             |    17 |     5 ||    22
Armor: Robe              |    74 |    54 ||   128
Dodge: Dodged            |    50 |    63 ||   113
Block: Shield            |    75 |    99 ||   174

Table legend:
 A = Non-vault XP
 B = Vault XP
 C = Vault XP percentage of total XP
 D = Non-vault monster count
 E = Vault monster count
 F = Vault count percentage of total count
                 A         B        C        D         E       F
            +---------+---------+-------+---------+---------+-------
      Total |     246 |      85 |  25.7 |      75 |       4 |   5.1
            +---------+---------+-------+---------+---------+-------
        D:1 |      69 |       0 |   0.0 |      30 |       0 |   0.0
        D:2 |     140 |      85 |  37.8 |      30 |       4 |  11.8
        D:3 |      37 |       0 |   0.0 |      15 |       0 |   0.0
            +---------+---------+-------+---------+---------+-------
